 Dungeon Crawl Stone Soup version 0.32-a0-994-gabb26cbae4 (webtiles) character file.

Game seed: 3726249677093714459

145215 tensugalgo the Black Belt (level 16, -1/151 HPs)
             Began as a Demonspawn Gladiator on Apr 20, 2024.
             Was the Champion of Wu Jian.
             Slain by a steelbarb worm (20 damage)
             ... on level 3 of the Spider Nest on Apr 22, 2024.
             The game lasted 00:54:13 (33850 turns).

tensugalgo the Black Belt (Demonspawn Gladiator)   Turns: 33850, Time: 00:54:14

Health: -1/151     AC: 15    Str: 19    XL:     16   Next: 86%
Magic:  16/16      EV: 17    Int: 14    God:    Wu Jian [******]
Gold:   3579       SH:  5    Dex: 24    Spells: 11/15 levels left

rFire   x .          .
                       - Unarmed
rCold   + . .        y - melded +0 buckler
rNeg    . . .        s - melded +1 robe "Xopaedea" {Fly rElec rPois rC- Will+}
rPois   +            (helmet unavailable)
rElec   .            r - melded scarf {shadows}
rCorr   .            q - melded +1 pair of gloves
SInv    .            t - melded +2 pair of boots
Will    +....        l - amulet of reflection
Stlth   ++++         f - +4 ring of protection
HPRegen 0.45/turn    R - ring of ice
MPRegen 0.15/turn

%: reflection
@: snake-form, spiked, studying Axes
A: constrict, boosted hp, large, (hooves 2), (horns 3), (spiny 1), demonic magic
2, (demonic touch 2)
a: Begin Untransformation, Renounce Religion, Wall Jump, Serpent's Lash,
Heavenly Storm


You were on level 3 of the Spider Nest.
You worshipped Wu Jian.
Wu Jian was exalted by your worship.
You were an enormous serpent.
You visited 5 branches of the dungeon, and saw 27 of its levels.
You also visited: Volcano.

You collected 3612 gold pieces.
You spent 33 gold pieces at shops.

Inventory:

Missiles
 e - 10 javelins
 m - 14 curare-tipped darts
 G - 11 silver javelins
Armour
 q - a +1 pair of gloves (melded)
 r - a scarf of shadows (melded)
 s - the +1 robe "Xopaedea" (melded) {Fly rElec rPois rC- Will+}
   (You found it on level 2 of the Lair of Beasts)

   rC-:       It makes you vulnerable to cold.
   rElec:     It insulates you from electricity.
   rPois:     It protects you from poison.
   Will+:     It increases your willpower.
   Fly:       It grants you flight.
 t - a +2 pair of boots (melded)
 w - a +2 leather armour of fire resistance
 y - a +0 buckler (melded)
Jewellery
 d - a ring of flight
 f - a +4 ring of protection (left hand)
 l - an amulet of reflection (around neck)
 u - a ring of see invisible
 I - a ring of fire
 L - the ring of Ucev Pea {rN+ Str+3 Stlth+}
   (You found it on level 5 of the Lair of Beasts)

   [ring of positive energy]

   Str+3:     It affects your strength (+3).
   rN+:       It protects you from negative energy.
   Stlth+:    It makes you more stealthy.
 M - a ring of willpower
 Q - a ring of resist corrosion
 R - a ring of ice (right hand)
Talismans
 H - a blade talisman
 P - the serpent talisman "Noygu" (active) {Dex+6}
   (You took it off Aizul on level 2 of the Spider Nest)

   [serpent talisman]

   Dex+6:     It affects your dexterity (+6).
Wands
 a - a wand of flame (59)
 C - a wand of paralysis (18)
 E - a wand of warping (7)
 F - a wand of acid (15)
 K - a wand of mindburst (33)
 S - a wand of polymorph (9)
Scrolls
 g - 2 scrolls of summoning
 p - a scroll of torment
 x - 4 scrolls of silence
 B - 3 scrolls of revelation
 D - 2 scrolls of fog
 J - 3 scrolls of enchant armour
 N - a scroll of blinking
 T - 2 scrolls of vulnerability
 U - a scroll of teleportation
 W - a scroll of identify
 Z - 3 scrolls of poison
Potions
 b - 2 potions of degeneration {unknown}
 c - 3 potions of brilliance {unknown}
 h - 9 potions of mutation {unknown}
 i - 4 potions of curing
 j - a potion of resistance
 k - 6 potions of might
 n - 2 potions of ambrosia
 o - 2 potions of heal wounds
 v - 2 potions of lignification
 z - a potion of cancellation
 O - a potion of enlightenment
 V - 2 potions of attraction
 X - 4 potions of magic
 Y - 2 potions of haste
Miscellaneous
 A - a box of beasts (inert)


   Skills:
 + Level 11.4 Fighting
 - Level 3.2 Short Blades
 - Level 1.7 Throwing
 + Level 10.7 Dodging
 - Level 6.0 Stealth
 - Level 5.0 Shields
 + Level 15.4 Unarmed Combat
 + Level 7.5 Translocations
 + Level 8.1 Evocations
 + Level 13.6 Shapeshifting


You had 11 spell levels left.
You knew the following spells:

 Your Spells              Type           Power      Damage    Failure   Level
a - Passage of Golubria   Tloc           21%        N/A       13%         4

Your spell library contained the following spells:

 Spells                   Type           Power      Damage    Failure   Level
 Volatile Blastmotes      Fire/Tloc      20%        2d11      19%         3
 Dimensional Bullseye     Hex/Tloc       5%         N/A       52%         4
 Vhi's Electric Charge    Tloc/Air       20%        N/A       52%         4
 Call Canine Familiar     Summ           0%         N/A       65%         3
 Hailstorm                Conj/Ice       0%         3d5       65%         3
 Sigil of Binding         Hex            0%         N/A       65%         3
 Summon Ice Beast         Ice/Summ       0%         N/A       65%         3
 Gell's Gavotte           Tloc           10%        2d(16-23) 90%         6
 Summon Lightning Spire   Summ/Air       0%         N/A       96%         4
 Arcjolt                  Conj/Air       0%         1d10      100%        5
 Silence                  Hex/Air        0%         N/A       100%        5
 Death Channel            Necr           0%         N/A       100%        6
 Permafrost Eruption      Ice/Erth       0%         2x4d1     100%        6
 Sculpt Simulacrum        Ice/Alch       0%         N/A       100%        6
 Rimeblight               Ice/Necr       0%         2d3       (prima100%   7
 Lehudib's Crystal Spear  Conj/Erth      0%         10d2      100%        8
 Maxwell's Capacitive Co  Air            0%         ∞         100%        8


Dungeon Overview and Level Annotations

Branches:
Dungeon (15/15)            Temple (1/1) D:7            Lair (5/5) D:9
 Shoals (0/4) Lair:2       Spider (4/4) Lair:3        Slime (0/5) Lair:5
    Orc (2/2) D:9             Elf (0/3) Orc:2        Vaults (0/5) D:14
 Depths (0/4) D:15        Volcano (visited)

Altars:
Ashenzari
Cheibriados
Dithmenos
Fedhas
Gozag
Hepliaklqana
Kikubaaqudgha
Makhleb
Nemelex Xobeh
Okawaru
Qazlal
Ru
Sif Muna
Trog
Uskayaw
Vehumet
Wu Jian
Xom
Yredelemnul
Beogh
Jiyva

Shops:
D:10 [[=   D:14 *   Orc:2 *(([

Annotations:
D:14 Demei's ghost, journeyman MfGl
D:15 exclusions: fire giant and 1 more exclusion
Temple 2 transporters
Spider:1 2 transporters, temujin's ghost, journeyman DECj


Innate Abilities, Weirdness & Mutations

You are an enormous serpent.
You have a powerful constriction melee attack.
Your maximum health is increased.
Your armour is entirely melded.
You are incapable of wielding weapons or throwing items.
((You have hoof-like feet.))
((You have a pair of large horns on your head.))
((You are partially covered in sharp spines.))
Spells you cast may paralyse nearby enemies.
((Your touch may inflict irresistible damage on your foes.))


Message History

Unknown command.
You body-slam the steelbarb worm!!
The steelbarb worm is severely wounded.
You constrict the steelbarb worm. The steelbarb worm hits you!
* * * LOW HITPOINT WARNING * * *
More barbed spikes become lodged in your body.
The emperor scorpion stings you!
* * * LOW HITPOINT WARNING * * *
You are lethally poisoned!
The emperor scorpion poisons you!
The emperor scorpion claws you but does no damage. x2
Unknown command.
You feel better.
You constrict the steelbarb worm. The steelbarb worm hits you!
* * * LOW HITPOINT WARNING * * *
More barbed spikes become lodged in your body.
The emperor scorpion misses you.
The emperor scorpion claws you but does no damage.
The emperor scorpion closely misses you.
Unknown command.
Unknown command.
You open the lid... ...and a mature batshock beast flies out!
The box is emptied!
You constrict the steelbarb worm. The steelbarb worm misses you.
You block the emperor scorpion's attack.
The emperor scorpion barely misses you. The emperor scorpion misses you.
Unknown command.
Unknown command.
Unknown command.
You swap places.
You release your grip on the steelbarb worm.
The barbed spikes dig painfully into your body as you move.
* * * LOW HITPOINT WARNING * * *
The steelbarb worm attacks as it pursues you!
The steelbarb worm hits you but does no damage.
Your mature batshock beast hits the steelbarb worm but does no damage.
The emperor scorpion stings your mature batshock beast.
The emperor scorpion claws your mature batshock beast but does no damage. x2
The steelbarb worm hits you!!
You die...

.>^.^##^.......##...
#..#..#......#.....# .
#..#...###.^<^....#
..##.#..#.^####......##
../.#..$^....##...###.#
............##.#.....#
...^#.)s.#..#.......####
#..)H##...#..#......#
....#..wS.............###
...#.^##...............#..
.....# #..........#..#....
...#. ..........<...^.....
. . #.....#.....#.#.#....
#.............##..#..#..
......#...#...#.###...#
#...#........#.^.#..##. ..
####......^#..


You could see an emperor scorpion (ally target), a steelbarb worm and a friendly
mature batshock beast (summoned).

Vanquished Creatures
  Saint Roka (Orc:2)
  Aizul (Spider:2)
  3 emperor scorpions
  A spark wasp (Spider:2)
  5 dire elephants (Lair:5)
  2 entropy weavers
  Fannar (Lair:3)
  A vault guard (D:14)
  7 hydras
  4 centaur warriors
  The ghost of schroeder the Cleaver, a novice MiBe of Trog (D:8)
  A catoblepas (Lair:1)
  2 jorogumos
  Erica (D:11)
  5 boulder beetles
  18 death yaks
  5 two-headed ogres
  An orc high priest (Orc:1)
  4 demonic crawlers
  Urug (Orc:2)
  Sonja (D:10)
  A skyshark (Lair:5)
  A spectral anaconda (Lair:5)
  Amaemon (Lair:2)
  6 pharaoh ants
  2 sun moths
  A glowing orange brain (D:14)
  7 orb spiders
  4 lindwurms
  3 steelbarb worms
  An obsidian statue (Lair:5)
  2 orc knights (D:15)
  A deep elf pyromancer (D:15)
  2 obsidian bats
  A harpy (shapeshifter) (D:13)
  2 moths of wrath
  9 wolf spiders
  4 necromancers (Lair:5)
  3 orc sorcerers
  4 cyclopes
  3 manticores
  16 ugly things
  A dire elephant zombie (Lair:5)
  3 meliai (Spider:3)
  9 elephants
  An orange demon (Lair:2)
  3 torpor snails (Spider:1)
  8 kobold blastminers (Orc:2)
  A meliai (shapeshifter) (D:11)
  6 black mambas
  2 molten gargoyles (Volcano)
  Maggie (D:8)
  2 gargoyles
  3 efreet
  Psyche (D:9)
  9 cane toads
  3 rime drakes
  14 komodo dragons
  4 trolls
  A raiju (shapeshifter) (D:14)
  13 tarantellas
  2 polar bears (Lair:3)
  32 jumping spiders
  2 hornets
  6 dream sheep (Lair:5)
  30 blink frogs
  13 slime creatures
  16 culicivoras
  5 shadows
  A vampire (D:11)
  A wraith (D:13)
  3 fire bats (Orc:1)
  5 wyverns
  55 yaks
  10 basilisks
  2 fire elementals (Volcano)
  37 redbacks
  2 steam dragons
  9 vampire mosquitoes
  3 wargs
  A death yak simulacrum (Lair:5)
  An acid dragon (D:12)
  12 water moccasins
  5 ice beasts
  29 orc warriors
  A sky beast (D:7)
  2 black bears
  12 ogres
  7 centaurs
  An elephant skeleton (Lair:5)
  5 wolves (Lair:1)
  3 phantoms
  Blork the orc (D:6)
  A kobold brigand (D:6)
  3 earth elementals (Volcano)
  10 bullfrogs
  3 scorpions
  A cane toad simulacrum (Lair:5)
  18 wights
  An elephant simulacrum (Lair:5)
  3 electric eels
  3 howler monkeys
  5 bombardier beetles
  2 hounds (D:6)
  18 orc priests
  4 sleepcaps
  2 jellies
  An iguana (D:7)
  Jessica (D:3)
  17 orc wizards
  A centaur simulacrum (D:8)
  A killer bee simulacrum (D:8)
  8 gnolls
  6 adders
  A shadow imp (D:7)
  3 white imps
  A ribbon worm (D:2)
  2 dart slugs
  68 orcs
  8 endoplasms
  3 giant cockroaches
  9 goblins
  9 hobgoblins
  5 jackals
  9 quokkas
  6 ball pythons
  5 bats
  3 frilled lizards
  9 kobolds
  6 rats
795 creatures vanquished.

Vanquished Creatures (collateral kills)
  A fire giant (D:15)
  A tengu conjurer (D:15)
  2 centaurs (D:15)
4 creatures vanquished.

Grand Total: 799 creatures vanquished

Notes
Turn   | Place    | Note
-------+----------+-------------------------------------------
     0 | D:1      | tensugalgo the Demonspawn Gladiator began the quest for the
                  | Orb.
     0 | D:1      | Reached XP level 1. HP: 16/16 MP: 1/1
   130 | D:1      | Discovered your monstrous ancestry.
   130 | D:1      | Gained mutation: Your touch may inflict minor irresistible
                  | damage on your foes. [demonic ancestry]
   130 | D:1      | Reached XP level 2. HP: 12/22 MP: 2/2
   279 | D:1      | Reached skill level 1 in Unarmed Combat
   532 | D:1      | Gained mutation: Spells you cast may paralyse adjacent
                  | enemies. [demonic ancestry]
   532 | D:1      | Reached XP level 3. HP: 27/27 MP: 3/3
   800 | D:2      | Reached skill level 2 in Unarmed Combat
  1184 | D:2      | Gained mutation: Spells you cast may paralyse nearby
                  | enemies. [demonic ancestry]
  1184 | D:2      | Reached XP level 4. HP: 33/33 MP: 4/4
  1420 | D:3      | Found a sacrificial altar of Ru.
  1442 | D:3      | Reached skill level 3 in Unarmed Combat
  1633 | D:3      | Noticed Jessica
  1638 | D:3      | Reached skill level 4 in Unarmed Combat
  1638 | D:3      | Gained mutation: You have a pair of small horns on your
                  | head. [demonic ancestry]
  1638 | D:3      | Reached XP level 5. HP: 38/38 MP: 5/5
  1641 | D:3      | Killed Jessica
  1734 | D:3      | Found a radiant altar of Vehumet.
  2280 | D:4      | You fall into a shaft and drop 2 floors!
  2313 | D:6      | Noticed a black bear
  2318 | D:6      | Killed a black bear
  2319 | D:6      | Reached skill level 1 in Shapeshifting
  2319 | D:6      | Gained mutation: Your touch may inflict irresistible damage
                  | on your foes. [demonic ancestry]
  2319 | D:6      | Reached XP level 6. HP: 34/44 MP: 6/6
  2323 | D:6      | Reached skill level 5 in Unarmed Combat
  2470 | D:5      | Entered Level 5 of the Dungeon
  2498 | D:5      | Reached XP level 7. HP: 47/50 MP: 7/7
  2601 | D:5      | Found a shadowy altar of Dithmenos.
  2601 | D:5      | Found a shimmering blue altar of Sif Muna.
  2761 | D:4      | Found a basalt altar of Yredelemnul.
  2762 | D:4      | Found a hazy altar of Hepliaklqana.
  2858 | D:4      | Reached skill level 6 in Unarmed Combat
  2920 | D:4      | Found an opulent altar of Gozag.
  3515 | D:5      | Gained mutation: You have a pair of horns on your head.
                  | [demonic ancestry]
  3515 | D:5      | Reached XP level 8. HP: 18/56 MP: 8/8
  4045 | D:6      | Reached skill level 7 in Unarmed Combat
  4062 | D:6      | Found an iron altar of Okawaru.
  4280 | D:6      | Noticed Blork the orc
  4290 | D:6      | Killed Blork the orc
  4291 | D:6      | Reached skill level 5 in Shapeshifting
  4484 | D:6      | Reached skill level 8 in Unarmed Combat
  4786 | D:6      | Reached XP level 9. HP: 46/61 MP: 9/9
  4912 | D:6      | Found a burning altar of Makhleb.
  5219 | D:7      | Reached skill level 9 in Unarmed Combat
  5543 | D:7      | Found a staircase to the Ecumenical Temple.
  5555 | Temple   | Found a transporter.
  5555 | Temple   | Found a transporter.
  5555 | Temple   | Found a transporter.
  5555 | Temple   | Found a transporter.
  5555 | Temple   | Entered the Ecumenical Temple
  5569 | Temple   | Became a worshipper of the Wu Jian Council
  5971 | D:8      | Noticed Maggie
  5994 | D:8      | Found a broken altar of Ashenzari.
  6094 | D:8      | Killed Maggie
  6173 | D:8      | Found a runed translucent gate.
  6173 | D:8      | Found a runed translucent gate.
  6173 | D:8      | Found a runed translucent gate.
  6299 | D:8      | Learned a level 4 spell: Passage of Golubria
  6465 | D:8      | Noticed schroeder's ghost (novice MiBe)
  6580 | D:8      | Reached XP level 10. HP: 67/67 MP: 10/10
  6606 | D:8      | Reached skill level 10 in Unarmed Combat
  7015 | D:9      | Found a staircase to the Lair.
  7079 | D:9      | Reached * piety under Wu Jian
  7139 | D:9      | Paralysed by a hornet for 1 turns
  7386 | D:9      | Noticed Psyche
  7390 | D:9      | Killed Psyche
  7812 | D:9      | Found a staircase to the Orcish Mines.
  7906 | D:10     | Entered Level 10 of the Dungeon
  7906 | D:10     | Found Ostungics's Jewellery Emporium.
  7926 | D:10     | Found Atuy's Antique Armour Boutique.
  7969 | D:10     | Found Tigh's Antique Armour Shop.
  7997 | D:10     | Reached skill level 11 in Unarmed Combat
  8081 | D:10     | Noticed a two-headed ogre
  8086 | D:10     | Killed a two-headed ogre
  8208 | D:10     | Found a stormy altar of Qazlal.
  8209 | D:10     | Noticed a two-headed ogre
  8217 | D:10     | Killed a two-headed ogre
  8218 | D:10     | Gained mutation: You are partially covered in sharp spines.
                  | [demonic ancestry]
  8218 | D:10     | Reached XP level 11. HP: 4/72 MP: 11/11
  8786 | D:10     | Reached skill level 10 in Shapeshifting
  8891 | D:10     | Noticed Sonja
  8891 | D:10     | Paralysed by Sonja for 2 turns
  8898 | D:10     | Paralysed by Sonja for 2 turns
  8905 | D:10     | Killed Sonja
  8906 | D:10     | Reached skill level 12 in Unarmed Combat
  9535 | D:11     | Noticed a two-headed ogre
  9535 | D:11     | Noticed a four-headed hydra
  9559 | D:10     | Killed a two-headed ogre
  9703 | D:11     | Killed a four-headed hydra
 10107 | D:11     | Noticed a boulder beetle
 10132 | D:11     | Killed a boulder beetle
 10132 | D:11     | Reached ** piety under Wu Jian
 10240 | D:11     | Noticed Erica
 10244 | D:11     | Killed Erica
 10254 | D:11     | Reached XP level 12. HP: 72/83 MP: 12/12
 10841 | D:12     | Noticed a two-headed ogre
 10871 | D:12     | Killed a two-headed ogre
 11264 | D:12     | Reached skill level 5 in Dodging
 11272 | D:12     | Reached skill level 5 in Fighting
 11814 | D:12     | Noticed a boulder beetle
 11821 | D:12     | Killed a boulder beetle
 11996 | D:13     | Noticed a centaur warrior
 12003 | D:13     | Killed a centaur warrior
 12116 | D:13     | Reached skill level 13 in Unarmed Combat
 12321 | D:13     | Noticed a boulder beetle
 12374 | D:13     | Killed a boulder beetle
 12514 | D:13     | Noticed a six-headed hydra
 12520 | D:13     | Killed a six-headed hydra
 12795 | D:13     | Noticed a two-headed ogre
 12806 | D:13     | Killed a two-headed ogre
 13390 | D:14     | Reached XP level 13. HP: 94/95 MP: 13/13
 13443 | D:14     | Found Iloiq's CLEARANCE SALE!.
 13451 | D:14     | Bought a potion of magic for 24 gold pieces
 13451 | D:14     | Bought a potion of curing for 9 gold pieces
 13487 | D:14     | Identified a scroll of acquirement
 13487 | D:14     | Acquired 806 gold pieces
 13492 | D:14     | Identified the +6 flail "Goblinbane" {elec, rF+++ rCorr
                  | Str-2 Int+2}
 13529 | D:14     | Reached *** piety under Wu Jian
 13908 | D:14     | Found a gate to the Vaults.
 14237 | D:14     | Found a runed translucent door.
 14240 | D:14     | Noticed Demei's ghost (journeyman MfGl)
 14242 | D:14     | Identified the +9 trident "Cumebute" {drain, Int+2 Dex+2}
 14557 | Lair:1   | Entered Level 1 of the Lair of Beasts
 14722 | Lair:1   | Reached skill level 1 in Stealth
 14820 | Lair:1   | Reached skill level 1 in Evocations
 14827 | Lair:1   | Reached skill level 1 in Translocations
 15220 | Lair:1   | Reached **** piety under Wu Jian
 15460 | Lair:1   | Identified the +9 spear of Instant Death {elec, rN+ Str+4
                  | Int+3 SInv}
 16288 | Lair:2   | Identified the +1 robe of the Endless Servitors {Rampage
                  | Str+3}
 16361 | Lair:2   | Identified the +2 falchion "Utaur" {distort, rPois rF+
                  | Will+}
 16387 | Lair:2   | Reached skill level 14 in Unarmed Combat
 16392 | Lair:2   | Gained mutation: You have a pair of large horns on your
                  | head. [demonic ancestry]
 16392 | Lair:2   | Reached XP level 14. HP: 40/106 MP: 14/14
 16849 | Lair:2   | Noticed Amaemon
 16861 | Lair:2   | Killed Amaemon
 17097 | Lair:2   | Found a staircase to the Shoals.
 17270 | Lair:2   | Identified the +1 robe "Xopaedea" {Fly rElec rPois rC-
                  | Will+}
 17620 | Lair:3   | Noticed Fannar
 18050 | Lair:3   | Killed Fannar
 18194 | Lair:3   | Reached skill level 1 in Shields
 18261 | Lair:3   | Found a hole to the Spider Nest.
 18412 | Lair:3   | Reached ***** piety under Wu Jian
 19369 | Lair:5   | Entered Level 5 of the Lair of Beasts
 19648 | Lair:5   | Found a viscous altar of Jiyva.
 19648 | Lair:5   | Found a staircase to the Slime Pits.
 20101 | Lair:5   | Reached skill level 5 in Stealth
 20163 | Lair:5   | Reached skill level 5 in Evocations
 20585 | Lair:5   | Gained mutation: You have large cloven feet. [demonic
                  | ancestry]
 20585 | Lair:5   | Reached XP level 15. HP: 59/114 MP: 15/15
 21312 | Lair:5   | Reached skill level 5 in Translocations
 21315 | Lair:5   | Identified the ring of Ucev Pea {rN+ Str+3 Stlth+}
 21741 | Orc:1    | Entered Level 1 of the Orcish Mines
 21922 | Orc:2    | Entered Level 2 of the Orcish Mines
 21922 | Orc:2    | Found a staircase to the Elven Halls.
 22037 | Orc:2    | Found a roughly hewn altar of Beogh.
 22390 | Orc:1    | Found a dark tunnel.
 22402 | Volcano  | Entered a volcano
 22417 | Volcano  | Found a snail-covered altar of Cheibriados.
 22722 | Volcano  | Reached ****** piety under Wu Jian
 23481 | Orc:2    | Noticed Saint Roka
 23483 | Orc:2    | Paralysed by an orc sorcerer for 2 turns
 23490 | Orc:2    | Found a roughly hewn altar of Beogh.
 23786 | Orc:2    | Noticed Urug
 23800 | Orc:2    | HP: 3/115 [Urug/+10 demon trident (18)]
 23804 | Orc:2    | Killed Urug
 24026 | Orc:2    | Found Jaogubi's Weapon Boutique.
 24146 | Orc:2    | Found a roughly hewn altar of Beogh.
 24195 | Orc:2    | Found a roughly hewn altar of Beogh.
 24314 | Orc:2    | Reached skill level 10 in Fighting
 24332 | Orc:2    | Found a roughly hewn altar of Beogh.
 24427 | Orc:2    | Found a roughly hewn altar of Beogh.
 24591 | Orc:2    | Found Xetif's General Store.
 24880 | Orc:2    | Found Jorygiyt's Antique Armour Shoppe.
 25215 | Orc:2    | Killed Saint Roka
 25425 | Orc:2    | Found Udoexaubya's Antique Weapon Emporium.
 25426 | Orc:2    | Found a roughly hewn altar of Beogh.
 25641 | D:15     | Entered Level 15 of the Dungeon
 25927 | D:15     | Found a staircase to the Depths.
 25927 | D:15     | Noticed a fire giant
 25940 | D:15     | Upgraded the game from 0.32-a0-976-g7161d331b1 to
                  | 0.32-a0-994-gabb26cbae4
 26511 | D:15     | Killed a fire giant
 27325 | D:8      | Killed schroeder's ghost
 27725 | Spider:1 | Entered Level 1 of the Spider Nest
 27841 | Spider:1 | Gained mutation: You have hoof-like feet. [demonic
                  | ancestry]
 27841 | Spider:1 | Reached XP level 16. HP: 123/123 MP: 16/16
 27851 | Spider:1 | HP: 3/123 [demonic crawler (10)]
 27853 | Spider:1 | Reached skill level 5 in Shields
 28317 | Spider:1 | Identified the +1 flail "Kiasmok" {drain, rC++ rN+ Str-5}
 28447 | Spider:1 | Reached skill level 15 in Unarmed Combat
 28453 | Spider:1 | Reached skill level 10 in Dodging
 29650 | Spider:1 | Found the +7 great mace "Undeadhunter" {deathbane, rN+}
 29732 | Spider:1 | Found a transporter.
 29744 | Spider:1 | Found a transporter.
 29744 | Spider:1 | Noticed temujin's ghost (journeyman DECj)
 30239 | Spider:2 | Identified the orb of the Manifold Friars {*channel, Int+4
                  | Dex+3}
 31749 | Spider:2 | Identified the serpent talisman "Noygu" {Dex+6}
 31749 | Spider:2 | Noticed Aizul
 31759 | Spider:2 | Killed Aizul
 32829 | Spider:4 | Entered Level 4 of the Spider Nest
 33850 | Spider:3 | Slain by a steelbarb worm

Illustrated notes

Levels and vault maps discovered:
D:1:      noname_arrival_rooms_in_the_neighbourhood, layout_basic
D:2:      layout_basic
D:3:      wad_woods_stonehenge, layout_basic, lemuel_tele_altar, uniq_jessica
D:4:      layout_basic, grunt_gozag_statues, jmf_multi_god_temple,
          serial_rivers, chequers_serial_rivers_small_b,
          chequers_serial_rivers_room_b, chequers_serial_rivers_small_3,
          chequers_serial_rivers_micro_b
D:5:      layout_cave_pools, mainiacjoe_overflow_large_starburst
D:6:      layout_basic, okawaru_trees_1, mainiacjoe_overflow_paths,
          makhleb_heckhound_becter, hangedman_abyss_or_decor_jellyfish_corner,
          uniq_blork_the_orc
D:7:      layout_basic, minmay_temple_entry_junction, kennysheep_generic_room_2
D:8:      layout_cave_pods, nicolae_ashenzari_skybound, gammafunk_ghost_icy,
          minmay_parallelograms, uniq_maggie
D:9:      layout_stronghold, minmay_lair_entry_grove, orc_0_dummy, uniq_psyche
D:10:     layout_stronghold, old_standard_altar, serial_shops,
          nicolae_stop_n_shop_1, nicolae_shop_hallway_stairs, shop, minivault_4,
          uniq_sonja
D:11:     layout_stronghold, kb_rosetta, uniq_erica
D:12:     layout_basic, serial_glass, glass_columns_b, glass_columns_b,
          glass_columns_a, glass_columns_c
D:13:     layout_roguey, st_stairs_9
D:14:     layout_rooms, hellmonk_vaults_order_and_chaos,
          ebering_ghost_funeral_grove, minmay_misc_feat_diagonals,
          nicolae_shop_clearance
D:15:     grunt_enter_depths_giant_problem, layout_long_grid,
          nicolae_water_bricks, grunt_ministairs_4, st_stairs_4
Temple:   hellmonk_temple_divided_pantheon
Lair:1:   layout_regular_city, nicolae_lair_lindhole
Lair:2:   layout_concentric_octagons, shoals_dummy_entry,
          grunt_forest_small_clearing_treed, uniq_amaemon
Lair:3:   layout_hall_layers, nicolae_spider_entry_tight_spaces, uniq_fannar
Lair:4:   layout_gridlike, grunt_megastairs_1, serial_bayou_shore_a
Lair:5:   due_jungle_book, layout_gridlike, dpeg_slime_entry_enclosed
Spider:1: layout_chambers, gammafunk_ghost_arena, nicolae_spider_eight_legs
Spider:2: layout_spider_delve, hive_lemuel, uniq_aizul
Spider:3: layout_spider_delve, nicolae_spider_baby_got_redback
Spider:4: hellmonk_spider_rune_bug_friends, nicolae_spider_twisty_arc_passages,
          uniq_asterion
Orc:1:    layout_caves, nicolae_volcano_entry_batcave, nicolae_orc_stony_grotto,
          lightli_orcish_oven
Orc:2:    grunt_orc_community_town_hall, layout_caves,
          grunt_orc_community_big_house_1, grunt_orc_community_big_house_1,
          grunt_orc_community_house_1, grunt_orc_community_house_1,
          grunt_orc_community_house_2, grunt_orc_community_house_2,
          grunt_orc_community_house_2, grunt_orc_community_house_2,
          nicolae_orc_quarried_blocks, uniq_urug

Skill      XL: |  1  2  3  4  5  6  7  8  9 10 11 12 13 14 15 16 |
---------------+-------------------------------------------------+-----
Short Blades   | 3 |  3.2
Unarmed Combat | 1 2 4 5 6 8 9 11 12 13 14 15 | 15.4
Shapeshifting  | 1 2 4 6 7 9 10 11 12 13 | 13.6
Dodging        | 4 6 8 9 10 | 10.7
Fighting       | 4 6 8 9 10 11 | 11.4
Stealth        | 3 5 6 |  6.0
Evocations     | 3 5 6 8 |  8.1
Translocations | 2 4 6 7 |  7.5
Shields        | 3 4 5 |  5.0
Throwing       | |  1.7

Action                     |  1- 3 |  4- 6 |  7- 9 | 10-12 | 13-15 | 16-18 || total
---------------------------+-------+-------+-------+-------+-------+-------++-------
  Melee: Rapier            |   118 |    39 |       |       |       |       ||   157
         Touch             |     9 |    17 |    38 |    33 |    12 |    51 ||   160
         Unarmed           |       |    37 |   218 |   366 |  1201 |   446 ||  2268
         Headbutt          |       |    12 |    40 |    38 |   266 |    58 ||   414
         Punch             |       |     1 |    11 |     9 |     4 |    21 ||    46
         Constrict         |       |       |       |    44 |    66 |    35 ||   145
         Maw               |       |       |       |       |   389 |       ||   389
  Throw: Throwing net      |       |       |     1 |       |     3 |       ||     4
 Invoke: Serpent's Lash    |       |       |       |       |     1 |     2 ||     3
Ability: Lunge             |       |       |     5 |    28 |    92 |    34 ||   159
         Whirlwind         |       |       |       |    15 |   102 |    77 ||   194
         Wall Jump         |       |       |       |       |     5 |     2 ||     7
  Evoke: Wand              |       |       |     2 |     3 |     5 |       ||    10
         Box of beasts     |       |       |       |       |     1 |     1 ||     2
    Use: Scroll            |       |     9 |     5 |     7 |    11 |     2 ||    34
         Potion            |       |       |       |     1 |     7 |     2 ||    10
   Stab: Distracted        |       |       |       |     2 |     3 |     5 ||    10
         Sleeping          |       |       |       |     4 |    21 |     8 ||    33
         Petrifying        |       |       |       |       |     2 |       ||     2
         Held in net/web   |       |       |       |       |     6 |       ||     6
 Armour: Leather armour    |    84 |    34 |   108 |    76 |       |       ||   302
         Skin              |       |       |       |   128 |   501 |   184 ||   813
         Robe              |       |       |       |       |     3 |   118 ||   121
  Dodge: Dodged            |    80 |    44 |    79 |   106 |   446 |   322 ||  1077
  Block: Other             |       |    11 |    27 |    42 |    47 |    72 ||   199
         Reflection        |       |       |     1 |       |    18 |       ||    19
         Buckler           |       |       |       |       |   237 |       ||   237
   Form: Beast             |       |     1 |       |       |       |       ||     1
         Blade             |       |       |       |     1 |     1 |       ||     2
         Serpent           |       |       |       |     1 |       |     1 ||     2
         Maw               |       |       |       |       |     1 |       ||     1

Table legend: (Time is in decaauts)
 A = Elapsed time spent in this place.
 B = Non-inter-level travel time spent in this place.
 C = Inter-level travel time spent in this place.
 D = Time resting spent in this place.
 E = Time spent auto-exploring this place.
 F = Levels seen in this place.
 G = Mean time per level.
                   A        B        C        D        E       F      G
               +--------+--------+--------+--------+--------+-----+--------+
         Total |  33598 |  31903 |   1695 |   4202 |  22670 |  28 | 1199.9 |
       Dungeon |  16533 |  15510 |   1023 |    624 |  12668 |  15 | 1102.2 |
        Temple |     30 |     21 |      9 |      0 |      0 |   1 |   30.0 |
          Lair |   7272 |   6811 |    461 |    569 |   5092 |   5 | 1454.4 |
   Spider Nest |   6066 |   5942 |    124 |   2362 |   2646 |   4 | 1516.5 |
  Orcish Mines |   3002 |   2925 |     77 |    485 |   1849 |   2 | 1501.0 |
       Volcano |    692 |    692 |      0 |    162 |    414 |   1 |  692.0 |
               +--------+--------+--------+--------+--------+-----+--------+

Top non-repeatable levels by time:
Spider:1: 2485 daAuts
   Orc:2: 2324 daAuts
Spider:2: 2192 daAuts
  Lair:5: 1959 daAuts
  Lair:1: 1668 daAuts
    D:10: 1650 daAuts
    D:15: 1454 daAuts
  Lair:2: 1451 daAuts
    D:13: 1451 daAuts
Spider:3: 1385 daAuts
    D:11: 1376 daAuts
     D:8: 1262 daAuts
     D:9: 1190 daAuts
  Lair:3: 1151 daAuts
     D:6: 1147 daAuts
